 Dungeon Crawl Stone Soup version 0.22.1-1-ga44c0e5 (webtiles) character file.

135 bloo the Conjurer (level 4, 0/24 HPs)
             Began as a Deep Elf Conjurer on Oct 8, 2018.
             Slain by an orc wizard
             ... wielding a +0 dagger
              (2 damage)
             ... on level 3 of the Dungeon.
             The game lasted 00:09:59 (3528 turns).

bloo the Conjurer (Deep Elf Conjurer)               Turns: 3528, Time: 00:09:59

Health: 0/24       AC:  2    Str:  5    XL:     4   Next: 96%
Magic:  10/10      EV: 13    Int: 21    God:
Gold:   119        SH:  0    Dex: 15    Spells: 2/9 levels left

rFire    . . .     SeeInvis .   h - +0 hunting sling
rCold    . . .     Gourm    .   (no shield)
rNeg     . . .     Faith    .   a - +0 robe
rPois    .         Spirit   .   (no helmet)
rElec    .         Reflect  .   (no cloak)
rCorr    .         Harm     .   (no gloves)
MR       .....                  (no boots)
Stlth    ++........             (no amulet)
HPRegen  0.08/turn              (no ring)
MPRegen  0.12/turn              (no ring)

@: no status effects
A: no striking features
a: no special abilities


You were on level 3 of the Dungeon.
You were not hungry.

You visited 1 branch of the dungeon, and saw 3 of its levels.

You collected 119 gold pieces.

Inventory:

Hand Weapons
 g - a +0 short sword
 h - a +0 hunting sling (weapon)
Missiles
 k - 64 stones (quivered)
Armour
 a - a +0 robe (worn)
Jewellery
 r - an uncursed ring of resist corrosion {unknown}
Scrolls
 b - a scroll of random uselessness {unknown}
 e - a scroll of amnesia {unknown}
 i - a scroll of fog {unknown}
 j - a scroll of fear {unknown}
 l - 2 scrolls of remove curse {unknown}
 n - 2 scrolls of enchant weapon {unknown}
 q - a scroll of identify {unknown}
 s - 2 scrolls of noise {unknown}
 t - 3 scrolls of teleportation {unknown}
Potions
 d - a potion of lignification {unknown}
 f - a potion of heal wounds {unknown}
 m - a potion of curing {unknown}
 o - a potion of ambrosia {unknown}
 p - a potion of magic {unknown}
Comestibles
 c - 5 rations


   Skills:
 - Level 2.4 Dodging
 - Level 2.4 Stealth
 - Level 3.0 Spellcasting
 + Level 6.9 Conjurations


You had 2 spell levels left.
You knew the following spells:

 Your Spells              Type           Power        Failure   Level  Hunger
a - Magic Dart            Conj           ####         1%          1    None
b - Searing Ray           Conj           ####..       1%          2    ##.....
c - Iskenderun's Mystic   Conj           ####....     8%          4    ####...

Your spell library contained the following spells:

 Spells                   Type           Power        Failure   Level  Hunger
 Dazzling Spray           Conj/Hex       ###...       10%         3    ###....
 Force Lance              Conj/Tloc      ###.....     32%         4    ####...
 Fulminant Prism          Conj/Hex       ###.......   32%         4    ####...


Dungeon Overview and Level Annotations

Branches:
Dungeon (3/15)

Altars:
Fedhas
Gozag
Zin


Message History

You hear some strange, mumbled words.
A puff of frost appears from out of thin air!
The puff of frost hits you!
* * * LOW HITPOINT WARNING * * *
There is a strange disturbance nearby!
An orc wizard appears from thin air!
Reactivating autopickup.
The orc wizard mumbles some strange words.
The orc wizard flickers and vanishes!
Deactivating autopickup; reactivate with Ctrl-A.
Something hits you but does no damage.
You hear some strange, mumbled words.
A puff of flame appears from out of thin air!
The puff of flame misses you.
You hear some strange, mumbled words.
Casting: Magic Dart (safe; 1% risk of failure)
Confirm with . or Enter, or press ? or * to list all spells.
You can't see any susceptible monsters within range! (Use Z to cast anyway.)
Something hits you.
You die...

### #..# #.)....... #
#..# #(####....
###### #..# #.# .##
.....#
#..####.#####.#
####.#
#.............#
#.######.####.#######
#..#.....# #.#
##.#..########.######
#.###.........@.....#
##.#.#########.####.#
## #..## #.# .. #..#
#.# # #.# #..# #.#
#.# #.# ...#
##.####.# #.# ##.##
#......<### #.# #..
##........####.####
###
##..####..........


There were no monsters in sight!

Vanquished Creatures
  An orc priest (D:3)
  2 adders (D:3)
  2 oozes (D:2)
  2 worms (D:2)
  6 dart slugs
  5 orcs
  2 ball pythons (D:1)
  2 giant cockroaches (D:1)
  2 goblins
  4 hobgoblins
  5 jackals (D:2)
  7 kobolds
  3 quokkas (D:2)
  4 bats
  5 frilled lizards
  9 rats
61 creatures vanquished.

Notes
Turn   | Place    | Note
-------+----------+-------------------------------------------
     0 | D:1      | bloo the Deep Elf Conjurer began the quest for the Orb.
     0 | D:1      | Reached XP level 1. HP: 10/10 MP: 6/6
   225 | D:1      | Reached XP level 2. HP: 15/15 MP: 5/8
   321 | D:1      | Reached skill level 5 in Conjurations
   354 | D:1      | Learned a level 2 spell: Searing Ray
  1161 | D:1      | Reached XP level 3. HP: 16/19 MP: 5/9
  1693 | D:2      | Found an opulent altar of Gozag.
  1997 | D:2      | Found a glowing silver altar of Zin.
  2000 | D:2      | Reached skill level 6 in Conjurations
  2230 | D:2      | Found a blossoming altar of Fedhas.
  2499 | D:2      | Reached XP level 4. HP: 24/24 MP: 6/10
  2963 | D:2      | Learned a level 4 spell: Iskenderun's Mystic Blast
  3512 | D:3      | HP: 1/24 [something/puff of frost (4)]
  3528 | D:3      | Slain by an orc wizard

Skill      XL: |  1  2  3 |
---------------+----------+-----
Conjurations   | 5 6 |  6.9
Dodging        | |  2.4
Stealth        | |  2.4
Spellcasting   | |  3.0

Action                   |  1- 3 |  4- 6 || total
-------------------------+-------+-------++-------
Melee: Hunting sling     |       |     3 ||     3
 Cast: Magic Dart        |    75 |    22 ||    97
       Searing Ray       |     9 |     4 ||    13
  Eat: Chunk             |     5 |     3 ||     8
Armor: Robe              |       |     2 ||     2
Dodge: Dodged            |    10 |     8 ||    18
